 Dungeon Crawl Stone Soup version 0.28-b1-25-g9875b3fc8c (webtiles) character file.

Game seed: 9325164850303248421

9233 styxcanada the Covert (level 11, -8/55 HPs)
             Began as a Spriggan Brigand on Feb 3, 2022.
             Was an Initiate of Gozag.
             Mangled by a wolf (9 damage)
             ... on level 1 of the Lair of Beasts.
             The game lasted 00:48:42 (10964 turns).

styxcanada the Covert (Spriggan Brigand)           Turns: 10964, Time: 00:48:42

Health: -8/55      AC: 16    Str:  7    XL:     11   Next: 20%
Magic:  12/12      EV: 21    Int: 14    God:    Gozag
Gold:   346        SH:  0    Dex: 22    Spells: 10/10 levels left

rFire   + . .      SeeInvis +   o - +9 rapier "Woshrufil" {freeze, rPois Dex+2}
rCold   . . .      Faith    .   (no shield)
rNeg    . . .      Spirit   .   F - quicksilver dragon scales
rPois   +          Reflect  .   (helmet restricted)
rElec   .          Harm     .   I - +2 cloak {Will+}
rCorr   .          Rampage  .   (gloves unavailable)
Will    +++..                   (boots unavailable)
Stlth   +++++.....              p - amulet of the acrobat
HPRegen 0.18/turn               l - +4 ring of protection
MPRegen 0.13/turn               y - ring of protection from fire

@: mighty, lethally poisoned (-8 -> -11), gold aura, very quick
A: very small, no large weapons, unfitting armour, see invisible, speed 3
a: Renounce Religion, Potion Petition, Call Merchant, Bribe Branch


You were on level 1 of the Lair of Beasts.
You worshipped Gozag.
Gozag was aware of your devotion.
You visited 3 branches of the dungeon, and saw 11 of its levels.

You collected 1468 gold pieces.
You spent 448 gold pieces at shops.
You paid 674 gold pieces to Gozag.

Inventory:

Hand Weapons
 a - a +2 spectral dagger
 k - a +2 hunting sling of flaming
 o - the +9 rapier "Woshrufil" (weapon) {freeze, rPois Dex+2}
   (You acquired it on level 4 of the Dungeon)

   It freezes those it strikes, dealing additional cold damage.
   It can also slow down cold-blooded creatures.
   Dex:       It affects your dexterity (+2).
   rPois:     It protects you from poison.
Missiles
 e - 14 poisoned darts (quivered)
 i - 305 stones
 r - 83 sling bullets
 A - a curare-tipped dart
 H - 5 boomerangs
Armour
 C - the +2 robe of the Present {rN+ rCorr}
   (You found it on level 8 of the Dungeon)

   rN:        It protects you from negative energy.
   rCorr:     It protects you from acid and corrosion.
 F - quicksilver dragon scales (worn)
 I - a +2 cloak of willpower (worn)
Jewellery
 l - a +4 ring of protection (left hand)
 p - an amulet of the acrobat (around neck)
 y - a ring of protection from fire (right hand)
Wands
 d - a wand of acid (8)
 u - a wand of mindburst (5)
 E - a wand of flame (17)
Scrolls
 b - a scroll of enchant armour
 f - 2 scrolls of teleportation
 j - a scroll of fog
 n - 2 scrolls of fear
 x - a scroll of blinking
Potions
 c - 2 potions of flight
 g - 6 potions of curing
 h - a potion of lignification
 q - a potion of resistance
 s - a potion of might
 t - 7 potions of brilliance
 w - a potion of degeneration {unknown}
 z - 2 potions of invisibility
 B - 4 potions of attraction {unknown}
 D - a potion of mutation {unknown}
 G - a potion of berserk rage {unknown}


   Skills:
 + Level 5.0 Fighting
 + Level 8.7 Short Blades
 + Level 7.4(8.0) Slings
 + Level 3.6(5.4) Throwing
 * Level 1.7 Armour
 * Level 10.3 Dodging
 * Level 14.0 Stealth
 * Level 6.9 Evocations


You had 10 spell levels left.
You didn't know any spells.
Your spell library contained the following spells:

 Spells                   Type           Power      Damage    Failure   Level
 Animate Skeleton         Necr           0%         N/A       67%         1
 Pain                     Necr           0%         1d4       67%         1
 Vampiric Draining        Necr           0%         2d6       96%         3
 Airstrike                Air            0%         N/A       100%        4
 Summon Lightning Spire   Summ/Air       0%         N/A       100%        4
 Lightning Bolt           Conj/Air       0%         1d11      100%        5


Dungeon Overview and Level Annotations

Branches:
Dungeon (9/15)             Temple (1/1) D:4            Lair (1/6) D:9
    Orc: D:9-12

Altars:
Cheibriados
Dithmenos
Elyvilon
Fedhas
Gozag
Hepliaklqana
Kikubaaqudgha
Makhleb
Nemelex Xobeh
Okawaru
Qazlal
Ru
Sif Muna
Trog
Uskayaw
Vehumet
Wu Jian
Xom
Yredelemnul
Zin
The Shining One

Shops:
D:1 ?   D:9 [


Innate Abilities, Weirdness & Mutations

You are very small and have problems with some larger weapons.
You are too small for most types of armour.
You have supernaturally acute eyesight. (SInv)
You cover ground extremely quickly. (Speed+++)


Message History

You feel very sick. The wolf barely misses you. The cane toad misses you.
The wolf completely misses you. The wolf bites you.
* * * LOW HITPOINT WARNING * * *
Your Stealth skill increases to level 14!
You feel much better.
You feel very sick. The wolf misses you. The cane toad stings you.
The wolf barely misses you. The wolf closely misses you.
The cane toad stings you.
* * * LOW HITPOINT WARNING * * *
You puncture the wolf! You freeze the wolf.
The wolf is moderately wounded.
You feel sick. The wolf misses you.
The wolf bites you but does no damage. x2
You puncture the wolf! You freeze the wolf.
You kill the wolf!
You feel sick. The cane toad closely misses you. The wolf misses you.
You puncture the cane toad!
The cane toad seems to slow down.
You freeze the cane toad.
The cane toad is moderately wounded.
You feel sick. The wolf closely misses you.
The cane toad completely misses you.
You hit the cane toad.
The cane toad seems to slow down.
You freeze the cane toad.
The cane toad is heavily wounded.
You feel sick. The wolf bites you but does no damage. The wolf misses you.
The cane toad stings you but does no damage.
You impale the cane toad!!
The cane toad seems to slow down.
You freeze the cane toad.
The cane toad is almost dead.
You feel sick. The wolf bites you but does no damage.
You puncture the cane toad! You freeze the cane toad.
You kill the cane toad!
You feel sick. The wolf bites you.
* * * LOW HITPOINT WARNING * * *
You hit the wolf. You freeze the wolf. You punch the wolf, but do no damage.
The wolf is moderately wounded.
* * * LOW HITPOINT WARNING * * *
You feel sick. The wolf bites you!
You die...
Your body crumbles into a pile of gold.

?........# ##.........
#.........# #<.(.....# .##
### ##.......# #..######.#
#.......# ......#...####
####(....##
............h####.#.(....###
............$@#..#.#(....#.##
......$.....$$>..............
#......................= .
##".....$.$.....$.....#.?.
#..........$.(........##..
..................(.........
..................#......##.
............#####.#.(.....#
..........### ##.#.(....#


You could see a wolf.

Vanquished Creatures
  2 two-headed ogres
  Pikel (D:8)
  Maurice (D:8)
  Joseph (D:8)
  3 cane toads (Lair:1)
  Psyche (D:8)
  A polar bear (Lair:1)
  A wyvern (D:7)
  A steam dragon (D:8)
  Grum (D:8)
  3 vampire mosquitoes
  2 water moccasins
  Duvessa (D:5)
  2 sky beasts
  2 black bears (D:5)
  3 orc warriors
  2 ice beasts
  8 wolves
  A centaur (D:8)
  3 phantoms
  4 bullfrogs (D:6)
  2 kobold brigands
  4 scorpions
  Dowan (D:5)
  9 killer bees (D:9)
  A water moccasin skeleton (D:5)
  10 wights
  2 howler monkeys (D:9)
  2 centaur zombies
  4 orc priests
  A bullfrog zombie (D:6)
  A gnoll shaman (D:5)
  4 hounds
  A bullfrog skeleton (D:5)
  2 centaur skeletons
  3 jellies
  2 iguanas
  Jessica (D:3)
  Ijyb (D:5)
  6 orc wizards
  Natasha (thrice) (D:4)
  A hound zombie (D:5)
  Robin (D:2)
  5 gnolls (D:5)
  9 adders
  A shadow imp (D:7)
  A white imp (D:5)
  5 dart slugs
  16 orcs
  10 ball pythons
  10 bats
  4 endoplasms
  5 giant cockroaches
  8 goblins
  7 hobgoblins
  3 jackals
  17 kobolds
  3 quokkas
  4 frilled lizards
  10 rats
224 creatures vanquished.

Vanquished Creatures (others)
  An orc priest (D:8)
  8 fungi
  5 plants (D:2)
14 creatures vanquished.

Grand Total: 238 creatures vanquished

Notes
Turn   | Place    | Note
-------+----------+-------------------------------------------
     0 | D:1      | styxcanada the Spriggan Brigand began the quest for the
                  | Orb.
     0 | D:1      | Reached XP level 1. HP: 10/10 MP: 2/2
    44 | D:1      | Reached skill level 6 in Stealth
   139 | D:1      | Reached XP level 2. HP: 12/14 MP: 3/3
   939 | D:1      | Found Ytuugig's Magic Scroll Shoppe.
  1116 | D:1      | Reached XP level 3. HP: 18/18 MP: 4/4
  1436 | D:2      | Noticed a phantom
  1481 | D:2      | Killed a phantom
  1482 | D:2      | Reached skill level 7 in Stealth
  1482 | D:2      | Reached XP level 4. HP: 7/23 MP: 5/5
  1625 | D:2      | Reached skill level 1 in Slings
  1774 | D:2      | Reached XP level 5. HP: 26/26 MP: 6/6
  1788 | D:2      | Noticed Robin
  1794 | D:2      | Killed Robin
  2057 | D:2      | You fall into a shaft and drop 1 floor!
  2236 | D:3      | Reached skill level 8 in Stealth
  2707 | D:2      | Found a faded altar of an unknown god.
  2873 | D:1      | Bought a scroll of identify for 26 gold pieces
  2969 | D:3      | Found a sacrificial altar of Ru.
  3310 | D:3      | Noticed Jessica
  3311 | D:3      | Killed Jessica
  3468 | D:3      | Reached XP level 6. HP: 9/31 MP: 7/7
  3701 | D:4      | Found a staircase to the Ecumenical Temple.
  3751 | Temple   | Entered the Ecumenical Temple
  3988 | Temple   | Became a worshipper of Gozag Ym Sagoz the Greedy
  4270 | D:4      | Identified a scroll of acquirement
  4270 | D:4      | Acquired the +9 rapier "Woshrufil" {freeze, rPois Dex+2}
  4340 | D:4      | Noticed Natasha
  4378 | D:4      | Killed Natasha
  4801 | D:4      | Noticed a two-headed ogre
  4837 | D:4      | Killed a two-headed ogre
  4838 | D:4      | Reached skill level 5 in Slings
  4838 | D:4      | Reached skill level 5 in Dodging
  4838 | D:4      | Reached skill level 9 in Stealth
  4838 | D:4      | Reached XP level 7. HP: 5/36 MP: 8/8
  4838 | D:4      | Reached XP level 8. HP: 5/40 MP: 9/9
  5215 | D:4      | Noticed Natasha
  5221 | D:4      | Killed Natasha
  5335 | D:4      | Noticed Natasha
  5345 | D:4      | Killed Natasha
  5592 | D:1      | Bought a scroll of identify for 26 gold pieces
  5592 | D:1      | Bought a scroll of enchant weapon for 97 gold pieces
  5592 | D:1      | Bought a scroll of identify for 26 gold pieces
  5592 | D:1      | Bought a scroll of identify for 26 gold pieces
  5657 | D:5      | Entered Level 5 of the Dungeon
  5677 | D:5      | Noticed Ijyb
  5685 | D:5      | Killed Ijyb
  5839 | D:5      | Noticed Dowan
  5841 | D:5      | Noticed Duvessa
  5991 | D:5      | Killed Duvessa
  5992 | D:5      | Reached skill level 10 in Stealth
  5992 | D:5      | Reached skill level 1 in Evocations
  6324 | D:5      | Killed Dowan
  6399 | D:5      | Reached XP level 9. HP: 16/45 MP: 10/10
  6537 | D:5      | Reached skill level 5 in Short Blades
  7167 | D:6      | Found a shadowy altar of Dithmenos.
  7167 | D:6      | Found a hazy altar of Hepliaklqana.
  7396 | D:6      | Reached skill level 11 in Stealth
  8310 | D:7      | Reached skill level 12 in Stealth
  8579 | D:8      | Reached XP level 10. HP: 45/51 MP: 11/11
  8640 | D:8      | Found an ancient bone altar of Kikubaaqudgha.
  8641 | D:8      | Found an ornate altar of the Wu Jian Council.
  8659 | D:8      | Identified the +2 robe of the Present {rN+ rCorr}
  8680 | D:8      | Found a radiant altar of Vehumet.
  8834 | D:8      | Found a shimmering blue altar of Sif Muna.
  8995 | D:8      | Reached skill level 5 in Evocations
  9120 | D:8      | Noticed Grum
  9143 | D:8      | Killed Grum
  9223 | D:8      | Noticed Psyche
  9230 | D:8      | Killed Psyche
  9388 | D:8      | Noticed Joseph
  9395 | D:8      | Killed Joseph
  9396 | D:8      | Reached skill level 13 in Stealth
  9485 | D:8      | Noticed Maurice
  9502 | D:8      | Killed Maurice
  9508 | D:8      | Noticed Pikel
  9520 | D:8      | Killed Pikel
 10075 | D:9      | Noticed a two-headed ogre
 10109 | D:9      | Killed a two-headed ogre
 10302 | D:9      | Found a staircase to the Lair.
 10339 | D:9      | Bought a glowing cloak for 247 gold pieces
 10393 | D:9      | Reached skill level 10 in Dodging
 10869 | Lair:1   | Entered Level 1 of the Lair of Beasts
 10870 | Lair:1   | Noticed a cane toad
 10874 | Lair:1   | Noticed a cane toad
 10878 | Lair:1   | Reached skill level 1 in Armour
 10878 | Lair:1   | Reached XP level 11. HP: 53/54 MP: 12/12
 10924 | Lair:1   | Reached skill level 5 in Fighting
 10956 | Lair:1   | HP: 1/55 [wolf (2)]
 10957 | Lair:1   | Reached skill level 14 in Stealth
 10963 | Lair:1   | HP: 2/55 [wolf (6)]
 10964 | Lair:1   | Mangled by a wolf

Illustrated notes

Levels and vault maps discovered:
D:1:      lightli_arrival_boilingwater, layout_basic, serial_shops,
          nicolae_shop_window_shopping, interstate_on_off, minmay_tiny_reverse_x
D:2:      minmay_door_path, layout_loops_ring,
          dreamdust_ecumenical_altar_hidden_monk_grotto, kennysheep_crisscross,
          serial_park_tiny_2, eino_tiny_chamber, serial_bayou_pond_b, uniq_robin
D:3:      layout_basic, mainiacjoe_overflow_paths, kennysheep_jessica_study
D:4:      minmay_inner_zag, layout_rooms, temple_pool_b, uniq_natasha
D:5:      layout_cave_pools, uniq_ijyb, uniq_duvessa
D:6:      layout_basic, riverfiend_overflow_shadow_ancestor,
          minmay_large_rounded_square, corexii_item_surrounded_by_moat
D:7:      layout_cave_pools, minmay_small_thing
D:8:      layout_loops_ring, chequers_temple_overflow_statue_of_worship,
          mainiacjoe_overflow_large_starburst, dk_vineyard_1, minivault_25,
          patterned_corridor, uniq_psyche, uniq_joseph, uniq_maurice,
          uniq_pikel, uniq_grum
D:9:      layout_roguey, lair_entry_dummy
Temple:   eino_temple_lava
Lair:1:   layout_hall_layers, basic_altar, beast_lair_carwin_11,
          serial_bayou_shore_b

Skill      XL: |  1  2  3  4  5  6  7  8  9 10 11 |
---------------+----------------------------------+-----
Stealth        | 6 7 8 9 10 12 13 14 | 14.0
Dodging        | 2 3 5 6 8 10 | 10.3
Fighting       | 2 3 4 5 |  5.0
Slings         | 1 2 5 6 7 |  7.4
Short Blades   | 3 4 6 8 |  8.7
Throwing       | 3 |  3.6
Evocations     | 2 4 6 |  6.9
Armour         | 1 |  1.7

Action                   |  1- 3 |  4- 6 |  7- 9 | 10-12 || total
-------------------------+-------+-------+-------+-------++-------
Melee: Dagger            |    97 |    81 |       |       ||   178
       Punch             |     1 |     1 |     5 |     2 ||     9
       Rapier            |       |    15 |   221 |   153 ||   389
 Fire: Hunting sling     |     8 |    71 |    37 |    11 ||   127
Throw: Dart              |    24 |    22 |    10 |     7 ||    63
       Stone             |     5 |     3 |     2 |       ||    10
Invok: Call Merchant     |       |       |       |     1 ||     1
Evoke: Wand              |       |       |     8 |     4 ||    12
  Use: Scroll            |       |     9 |    11 |     1 ||    21
       Potion            |       |       |       |     3 ||     3
 Stab: Sleeping          |    10 |    15 |    15 |     8 ||    48
       Distracted        |       |       |     3 |     2 ||     5
Armor: Robe              |    18 |    17 |    42 |     7 ||    84
       Quicksilver drago |       |       |       |    27 ||    27
Dodge: Dodged            |    69 |    81 |   220 |   150 ||   520
